 Dungeon Crawl Stone Soup version 0.21-a0-442-g848f44b (webtiles) character file.

76 Moloch the Chopper (level 4, 22/35 HPs)
             Began as a Demonspawn Fighter on Nov 13, 2017.
             Quit the game on level 2 of the Dungeon.
             The game lasted 00:01:21 (979 turns).

Moloch the Chopper (Demonspawn Fighter)              Turns: 979, Time: 00:01:22

Health: 22/35      AC:  6    Str: 16    XL:     4   Next: 12%
Magic:  4/4        EV:  6    Int: 10    God:
Gold:   59         SH:  8    Dex: 13    Spells: 3/3 levels left

rFire    . . .     SeeInvis .   a - +0 war axe
rCold    . . .     Gourm    .   c - +0 shield
rNeg     . . .     Faith    .   b - +0 scale mail
rPois    .         Spirit   .   (helmet restricted)
rElec    .         Reflect  .   (no cloak)
rCorr    .         Harm     .   (no gloves)
MR       .....                  (no boots)
Stlth    ..........             (no amulet)
HPRegen  0.11/turn              (no ring)
MPRegen  0.09/turn              (no ring)

@: no status effects
A: horns 1, demonic guardian 1
a: no special abilities


You were on level 2 of the Dungeon.
You were hungry.

You visited 1 branch of the dungeon, and saw 2 of its levels.

You collected 59 gold pieces.

Inventory:

Hand Weapons
 a - a +0 war axe (weapon)
Armour
 b - a +0 scale mail (worn)
 c - a +0 shield (worn)
Scrolls
 e - a scroll of enchant weapon {unknown}
 k - a scroll of random uselessness {unknown}
 l - a scroll of enchant armour {unknown}
 n - a scroll of recharging {unknown}
Potions
 d - a potion of might
 i - a potion of heal wounds {unknown}
 j - a potion of resistance {unknown}
 m - a potion of haste {unknown}
Comestibles
 f - a bread ration
 h - 2 royal jellies
 o - a meat ration


   Skills:
 - Level 3.0 Fighting
 + Level 4.0 Axes
 - Level 2.6 Armour
 - Level 2.6 Shields


You had 3 spell levels left.
You didn't know any spells.

Dungeon Overview and Level Annotations

Branches:
Dungeon (2/15)

Altars:


Innate Abilities, Weirdness & Mutations

You have a pair of small horns on your head.
A weak demonic guardian rushes to your aid.


Message History

Jessica is nearby!
Jessica is nearby!
Jessica shouts!
Jessica mumbles some strange words.
Jessica seems to speed up.
Jessica mumbles some strange words.
Jessica blinks!
The leopard gecko bites you but does no damage.
You slash Jessica!
You kill Jessica!
Your Axes skill increases to level 4!
You have reached level 4!
You feel clever.
You feel monstrous as your demonic heritage exerts itself.
Your demonic ancestry asserts itself...
A pair of horns grows on your head!
You hit the leopard gecko but do no damage.
The leopard gecko bites you but does no damage.
The leopard gecko bites you.
Are you sure you want to abandon this character and quit the game? (Confirm with "yes".)

##...........#..............#..
####...######..............#..
#.######...##..######.#....
##.#......## #..# #.##...
#.)..# ..# #. ##.. #..########
#..#### #.. ######.#........
....... ....#
.......#......###.$...# ####
.#############.5@l....# ..# #(#
#..##[....# ..## ##.## ##..#
###### #..# #...# #..##
##.###.#.###.## #..#..#..#..#
##...###...## #...# #...# ##.##
##.##


You could see a leopard gecko and a friendly white imp.

Vanquished Creatures
  Jessica (D:2)
  An ooze (D:1)
  A dart slug (D:1)
  A giant cockroach (D:2)
  5 goblins (D:1)
  3 hobgoblins
  7 jackals
  6 kobolds
  A quokka (D:2)
  A ball python (D:1)
  8 bats
  2 frilled lizards (D:1)
  4 rats
41 creatures vanquished.

Notes
Turn   | Place    | Note
-------+----------+-------------------------------------------
     0 | D:1      | Moloch the Demonspawn Fighter began the quest for the Orb.
     0 | D:1      | Reached XP level 1. HP: 18/18 MP: 1/1
    32 | D:1      | Reached skill level 2 in Axes
   187 | D:1      | Gained mutation: A weak demonic guardian rushes to your aid. [demonic ancestry]
   187 | D:1      | Reached XP level 2. HP: 24/24 MP: 2/2
   311 | D:1      | Reached skill level 3 in Axes
   424 | D:1      | Reached XP level 3. HP: 29/29 MP: 3/3
   976 | D:2      | Noticed Jessica
   978 | D:2      | Killed Jessica
   978 | D:2      | Reached skill level 4 in Axes
   978 | D:2      | Gained mutation: You have a pair of small horns on your head. [demonic ancestry]
   978 | D:2      | Reached XP level 4. HP: 25/35 MP: 4/4
   979 | D:2      | Quit the game

Vault maps used:
D:1:      minmay_arrival_pointy
D:2:      serial_curves, eino_curves_01, eino_curves_03, hex_intersection,
          uniq_jessica

Skill      XL: |  1  2  3 |
---------------+----------+-----
Axes           | 2 3 4 |  4.0
Fighting       | |  3.0
Armour         | |  2.6
Shields        | |  2.6

Action                   |  1- 3 |  4- 6 || total
-------------------------+-------+-------++-------
Melee: War axe           |   115 |       ||   115
Armor: Scale mail        |   105 |     1 ||   106
Dodge: Dodged            |    52 |       ||    52
Block: Shield            |    77 |       ||    77

Table legend:
 A = Spawn XP
 B = Non-spawn XP
 C = Spawn XP percentage of total XP
 D = Spawn monster count
 E = Non-spawn monster count
 F = Spawn count percentage of total count
 G = Total turns spent on level
                    A         B        C        D         E        F      G
               +---------+---------+-------+---------+---------+-------+---------
         Total |       0 |     109 |   0.0 |       0 |      41 |   0.0 |   979
               +---------+---------+-------+---------+---------+-------+---------
           D:1 |       0 |      48 |   0.0 |       0 |      26 |   0.0 |   628
           D:2 |       0 |      61 |   0.0 |       0 |      15 |   0.0 |   351
               +---------+---------+-------+---------+---------+-------+---------
